 Dungeon Crawl Stone Soup version 0.28.0-45-g0d030f2227 (webtiles) character file.

Game seed: 8280145707388042694

7605 nickcage the Arsonist (level 11, -19/54 HPs)
             Began as a Tengu Fire Elementalist on Apr 4, 2022.
             Was a Follower of Vehumet.
             Demolished by an orc warrior
             ... wielding a +0 glaive
              (27 damage)
             ... on level 10 of the Dungeon.
             The game lasted 00:35:06 (15060 turns).

nickcage the Arsonist (Tengu Fire Elementalist)    Turns: 15060, Time: 00:35:07

Health: -19/54     AC:  4    Str:  9    XL:     11   Next: 17%
Magic:  22/26      EV: 15    Int: 22    God:    Vehumet [*.....]
Gold:   624        SH:  5    Dex: 21    Spells: 15/30 levels left

rFire   . . .      SeeInvis .   E - +9 hand axe of Discomfort {vorpal, rN+ Int+3 Stlth+}
rCold   + . .      Faith    .   (no shield)
rNeg    + . .      Spirit   .   x - +1 robe {Will+}
rPois   .          Reflect  +   (helmet restricted)
rElec   .          Harm     .   (no cloak)
rCorr   .          Rampage  .   B - +0 pair of gloves
Will    +....                   (boots unavailable)
Stlth   +++.......              n - amulet of reflection
HPRegen 0.18/turn               e - +6 ring of dexterity
MPRegen 0.20/turn               F - ring of protection from cold

@: flying quickly and evasively, quick
A: beak, talons 3, nimble flight
a: Renounce Religion


You were on level 10 of the Dungeon.
You worshipped Vehumet.
Vehumet was aware of your devotion.
You visited 2 branches of the dungeon, and saw 11 of its levels.
You also visited: Bailey.

You collected 624 gold pieces.

Inventory:

Hand Weapons
 c - a +0 dagger
 o - a +0 dagger of flaming
 q - a +1 flail of holy wrath
 y - a +3 great sword of freezing
 E - the +9 hand axe of Discomfort (weapon) {vorpal, rN+ Int+3 Stlth+}
   (You found it on level 8 of the Dungeon)

   It inflicts extra damage upon your enemies.
   Int:       It affects your intelligence (+3).
   rN:        It protects you from negative energy.
   Stlth:     It makes you more stealthy.
Missiles
 s - 2 throwing nets
Armour
 a - a +0 robe
 x - a +1 robe of willpower (worn)
 B - a +0 pair of gloves (worn)
Jewellery
 e - a +6 ring of dexterity (left hand)
 m - an amulet of guardian spirit
 n - an amulet of reflection (around neck)
 F - a ring of protection from cold (right hand)
Wands
 t - a wand of mindburst (9)
 A - a wand of flame (28)
 C - a wand of acid (9)
Scrolls
 b - a scroll of teleportation
 f - 5 scrolls of amnesia {unknown}
 g - 2 scrolls of vulnerability {unknown}
 h - a scroll of magic mapping
 k - 3 scrolls of immolation {unknown}
 p - a scroll of fog {unknown}
 r - a scroll of silence {unknown}
 v - a scroll of enchant weapon
 w - 3 scrolls of fear {unknown}
 G - a scroll of identify
Potions
 d - 7 potions of curing
 i - a potion of might
 j - 2 potions of ambrosia
 l - 2 potions of flight
 u - 3 potions of heal wounds
 z - a potion of degeneration
 D - a potion of brilliance


   Skills:
 - Level 2.1 Dodging
 - Level 2.0 Stealth
 - Level 0.5 Shields
 - Level 10.4 Spellcasting
 * Level 8.7 Conjurations
 - Level 2.0 Translocations
 - Level 12.0 Fire Magic


You had 15 spell levels left.
You knew the following spells:

 Your Spells              Type           Power      Damage    Failure   Level
a - Foxfire               Conj/Fire      100%       2x1d9     1%          1
b - Scorch                Fire           100%       2d10      1%          2
c - Flame Wave            Conj/Fire      55%        2d11      1%          4
d - Iron Shot             Conj/Erth      15%        9d4       83%         6
e - Blink                 Tloc           40%        N/A       3%          2

Your spell library contained the following spells:

 Spells                   Type           Power      Damage    Failure   Level
 Sandblast                Erth           22%        2d7       6%          1
 Shock                    Conj/Air       100%       1d9       1%          1
 Conjure Flame            Conj/Fire      55%        6-21      1%          3
 Inner Flame              Hex/Fire       37%        N/A       1%          3
 Iskenderun's Battlesphe  Conj           50%        2d10      4%          5
 Lesser Beckoning         Tloc           20%        N/A       8%          3
 Corpse Rot               Necr/Air       22%        N/A       9%          2
 Ensorcelled Hibernation  Hex/Ice        22%        N/A       9%          2
 Spider Form              Tmut/Pois      11%        N/A       17%         3
 Swiftness                Air            11%        N/A       17%         3
 Tukima's Dance           Hex            11%        N/A       17%         3
 Airstrike                Air            5%         N/A       50%         4
 Anguish                  Hex/Necr       5%         N/A       50%         4
 Animate Dead             Necr           5%         N/A       50%         4
 Dispel Undead            Necr           11%        3d9       50%         4
 Manifold Assault         Tloc           20%        N/A       56%         5
 Death Channel            Necr           5%         N/A       100%        6
 Enfeeble                 Hex            5%         N/A       100%        7
 Haunt                    Necr/Summ      5%         N/A       100%        7
 Spellforged Servitor     Conj/Summ      15%        N/A       100%        7
 Infestation              Necr           5%         N/A       100%        8


Dungeon Overview and Level Annotations

Branches:
Dungeon (10/15)            Temple (1/1) D:4          Bailey (visited)
   Lair: D:8-11         Orc: D:9-12

Altars:
Ashenzari
Cheibriados
Dithmenos
Elyvilon
Fedhas
Gozag
Hepliaklqana
Kikubaaqudgha
Makhleb
Nemelex Xobeh
Okawaru
Ru
Sif Muna
Trog
Uskayaw
Vehumet
Wu Jian
Xom
Yredelemnul
Zin
The Shining One

Annotations:
D:6 exclusion: statue


Innate Abilities, Weirdness & Mutations

You have a beak for a mouth.
You have claws for feet.
Your magical nature lets you fly swiftly and evasively.


Message History

The troll closely misses you. x3
Flames lash the troll.
The troll is burned terribly!
You kill the troll!
Vehumet accepts your kill.
You feel your power returning.
You reach down and open the door.
An orc comes into view. It is wielding a +0 short sword.
An orc warrior, 2 orcs and an orc wizard come into view.
Found 18 gold pieces.
There is an open door here.
The orc shouts!
The orc wizard shouts!
The orc warrior shouts!
The orc shouts!
The orc warrior hits you from afar with a +0 glaive!!
The orc closely misses you.
Casting: Scorch (safe; 1% risk of failure)
Confirm with . or Enter, or press ? or * to list all spells.
Casting: Flame Wave (dangerous; 1% risk of failure)
Press: ? - help, Dir - look around, f - activate A wave of flame ripples out!
The flame wave engulfs the orc!!
You kill the orc!
Vehumet accepts your kill.
You feel your power returning.
The flame wave engulfs the orc wizard!
The orc wizard is heavily wounded.
The flame wave engulfs the orc!
You kill the orc!
Vehumet accepts your kill. (Press . to intensify the flame waves.)
The orc warrior hits you from afar with a +0 glaive!!
* * * LOW HITPOINT WARNING * * *
The orc wizard hits you with a +0 dagger.
* * * LOW HITPOINT WARNING * * *
A wave of flame ripples out!
The flame wave engulfs the orc!
You kill the orc!
Vehumet accepts your kill.
The flame wave engulfs the orc wizard.
The orc wizard is almost dead.
The flame wave engulfs the orc warrior.
The orc warrior is moderately wounded.
The orc warrior hits you from afar with a +0 glaive!!
Ouch! That really hurt!
You die...

............#
............######
.................# ########
.................####.......
####.....................
#.##########...#######
#.#....o...#...#......
#.#..o)....#...#......
#.'..@)..$.#...#......
+.##########...#......
#..............#......
#..............#......
#..########....#...... #..#
#....#...... ...#
#....#..#### .. #....#..#
#...('..#


You could see an orc warrior and an orc wizard.

Vanquished Creatures
  A two-headed ogre (D:9)
  Pikel (D:5)
  A gargoyle (D:10)
  A troll (D:10)
  A hornet (D:9)
  14 yaks
  A steam dragon (D:9)
  2 water moccasins
  An orc warrior (D:7)
  A sky beast (D:6)
  2 necrophages
  4 ogres
  A centaur (D:10)
  3 kobold brigands
  2 phantoms
  4 scorpions
  A water moccasin zombie (D:6)
  6 killer bees (D:8)
  7 wights
  6 electric eels (D:7)
  A howler monkey (D:5)
  2 centaur zombies
  2 bullfrog skeletons
  A gnoll shaman (D:5)
  6 hounds
  A centaur skeleton (D:5)
  3 orc priests
  6 iguanas
  Terence (D:3)
  4 orc wizards
  7 adders
  14 gnolls
  A white imp (D:5)
  3 ufetubi
  5 worms
  2 dart slugs
  25 orcs
  5 bats
  7 endoplasms
  5 giant cockroaches
  5 hobgoblins
  3 jackals (D:1)
  3 quokkas
  9 ball pythons
  4 frilled lizards
  4 goblins
  28 kobolds
  4 rats
221 creatures vanquished.

Vanquished Creatures (others)
  16 foxfires
  3 plants (D:7)
19 creatures vanquished.

Grand Total: 240 creatures vanquished

Notes
Turn   | Place    | Note
-------+----------+-------------------------------------------
     0 | D:1      | nickcage the Tengu Fire Elementalist began the quest for
                  | the Orb.
     0 | D:1      | Reached XP level 1. HP: 10/10 MP: 4/4
   300 | D:1      | Reached XP level 2. HP: 13/15 MP: 0/6
   303 | D:1      | Learned a level 2 spell: Scorch
   381 | D:1      | Reached skill level 4 in Fire Magic
  1008 | D:1      | Reached XP level 3. HP: 19/19 MP: 2/7
  2117 | D:2      | Reached skill level 5 in Fire Magic
  2586 | D:3      | Noticed Terence
  2845 | D:3      | Reached XP level 4. HP: 24/24 MP: 5/8
  3045 | D:3      | Found a hide-covered altar of Uskayaw.
  3285 | D:3      | Reached skill level 6 in Fire Magic
  3704 | D:3      | Killed Terence
  3705 | D:3      | Gained mutation: Your magical nature lets you fly swiftly
                  | and evasively. [Tengu growth]
  3705 | D:3      | Reached XP level 5. HP: 28/28 MP: 4/9
  4286 | D:4      | Reached skill level 7 in Fire Magic
  4286 | D:4      | Reached XP level 6. HP: 32/32 MP: 1/10
  5481 | D:4      | Found a staircase to the Ecumenical Temple.
  5596 | D:4      | Reached XP level 7. HP: 36/36 MP: 5/12
  5947 | Temple   | Entered the Ecumenical Temple
  6265 | D:5      | Entered Level 5 of the Dungeon
  6287 | D:5      | Reached skill level 8 in Fire Magic
  6393 | D:5      | Found a glowing golden altar of the Shining One.
  7000 | D:5      | Found a sacrificial altar of Ru.
  7002 | D:5      | Found a basalt altar of Yredelemnul.
  7026 | D:5      | Noticed Pikel
  7063 | D:5      | Killed Pikel
  7064 | D:5      | Reached skill level 5 in Spellcasting
  7064 | D:5      | Reached skill level 9 in Fire Magic
  7064 | D:5      | Reached XP level 8. HP: 9/41 MP: 2/17
  7757 | D:5      | Learned a level 4 spell: Flame Wave
  7883 | D:5      | Found a blossoming altar of Fedhas.
  8227 | D:6      | Reached skill level 10 in Fire Magic
  8227 | D:6      | Reached XP level 9. HP: 45/45 MP: 12/19
  8275 | D:6      | Found a glowing silver altar of Zin.
  8688 | D:6      | Found a radiant altar of Vehumet.
  8703 | D:6      | Became a worshipper of Vehumet
  9292 | D:7      | Learned a level 6 spell: Iron Shot
  9624 | D:7      | Reached skill level 11 in Fire Magic
  9831 | D:7      | Found a bloodstained altar of Trog.
 10037 | D:7      | Found a sparkling altar of Nemelex Xobeh.
 10146 | D:7      | Found an ancient bone altar of Kikubaaqudgha.
 10841 | D:8      | Reached * piety under Vehumet
 10841 | D:8      | Offered knowledge of Sandblast by Vehumet.
 11021 | D:8      | Identified the +9 hand axe of Discomfort {vorpal, rN+ Int+3
                  | Stlth+}
 11027 | D:8      | Learned a level 2 spell: Blink
 11432 | D:8      | Reached XP level 10. HP: 46/50 MP: 10/22
 11436 | D:8      | Reached skill level 12 in Fire Magic
 11695 | D:8      | Reached skill level 1 in Translocations
 11758 | D:8      | Found a hazy altar of Hepliaklqana.
 12064 | D:9      | Noticed a two-headed ogre
 12109 | D:9      | Reached skill level 5 in Conjurations
 12376 | D:9      | Found a shimmering altar of Xom.
 13041 | D:9      | Killed a two-headed ogre
 13479 | D:9      | Reached skill level 10 in Spellcasting
 13769 | D:10     | Entered Level 10 of the Dungeon
 13775 | D:10     | Found a flagged portal.
 13907 | Bailey   | Entered a bailey
 14213 | D:10     | Reached XP level 11. HP: 18/54 MP: 13/26
 15060 | D:10     | Demolished by an orc warrior

Illustrated notes

Levels and vault maps discovered:
D:1:      dpeg_arrival_connections, layout_loops_ring, minmay_crystal_room
D:2:      layout_loops_ring, serial_rivers, chequers_serial_rivers_room_a,
          chequers_serial_rivers_micro_d, chequers_serial_rivers_micro_b,
          chequers_serial_rivers_marsh
D:3:      layout_loops_corners, nicolae_uskayaw_murder_on_the_dancefloor,
          uniq_terence
D:4:      layout_loops_corners, minmay_temple_entry_mist, nicolae_wormholes
D:5:      layout_gridville, mainiacjoe_overflow_six_doors_small,
          fedhas_altar_fruit_tree, mainiacjoe_overflow_catwalk_spiral,
          uniq_pikel
D:6:      layout_rooms, vehumet_statue, mainiacjoe_overflow_small_starburst,
          lemuel_flamethrower_2
D:7:      layout_cave_pools, trog_butcher_becter, mainiacjoe_overflow_alcove_4,
          lemuel_coloured_pillars_altar, serial_bayou, serial_bayou_lake_a,
          serial_bayou_lagoon_b, serial_bayou_pond_d, serial_bayou_pond_b,
          serial_bayou_shore_b, serial_bayou_crossing
D:8:      layout_loops_ring, mainiacjoe_overflow_brackets,
          chequers_decorated_corner
D:9:      layout_gridville, mainiacjoe_overflow_cross_hatched
D:10:     layout_irregular_city, kennysheep_mini_moat,
          erik_lair_orcish_takeover, enter_bailey_8
Temple:   compressed_dpeg_triangle_lava_temple

Skill      XL: |  1  2  3  4  5  6  7  8  9 10 11 |
---------------+----------------------------------+-----
Fire Magic     | 4 5 6 7 9 10 11 12 | 12.0
Spellcasting   | 3 5 6 7 10 | 10.4
Conjurations   | 4 6 8 |  8.7
Translocations | 2 |  2.0
Dodging        | |  2.1
Stealth        | |  2.0
Shields        | |  0.5

Action                   |  1- 3 |  4- 6 |  7- 9 | 10-12 || total
-------------------------+-------+-------+-------+-------++-------
Melee: Dagger            |     9 |       |       |       ||     9
       Kick              |     3 |    10 |     3 |     1 ||    17
       Peck              |     1 |     9 |     2 |     2 ||    14
       Flail             |       |    33 |     2 |       ||    35
       Punch             |       |     2 |       |       ||     2
       Great sword       |       |       |     6 |       ||     6
       Hand axe          |       |       |       |     2 ||     2
 Cast: Foxfire           |    11 |       |       |     1 ||    12
       Scorch            |    42 |    62 |   139 |   101 ||   344
       Flame Wave        |       |       |     4 |     6 ||    10
  Use: Scroll            |       |       |       |    11 ||    11
Armor: Robe              |     6 |     6 |     7 |     5 ||    24
Dodge: Dodged            |     3 |    26 |    38 |    38 ||   105
Block: Other             |     1 |     7 |    12 |    15 ||    35
       Reflection        |       |       |     1 |     3 ||     4
